 Dungeon Crawl Stone Soup version 0.29-a0-359-g541a27f54d (webtiles) character file.

Game seed: 16644430511162068909

28 croobank the Sneak (level 2, -4/14 HPs)
             Began as a Felid Delver on Apr 27, 2022.
             Slain by a gnoll
             ... wielding a +0 whip
              (10 damage)
             ... on level 1 of the Dungeon.
             The game lasted 00:04:11 (892 turns).

croobank the Sneak (Felid Delver)                    Turns: 892, Time: 00:04:12

Health: -4/14      AC:  1    Str:  8    XL:     2   Next: 96%
Magic:  3/3        EV: 18    Int: 11    God:
Gold:   47         SH:  0    Dex: 17    Spells: 1/1 levels left
                                        Lives:  0   Deaths: 0

rFire   . . .      SeeInvis +     - Unarmed
rCold   . . .      Faith    .   (shield unavailable)
rNeg    . . .      Spirit   .   (body armour unavailable)
rPois   .          Reflect  .   (helmet unavailable)
rElec   .          Harm     .   (cloak unavailable)
rCorr   .          Rampage  .   (gloves unavailable)
Will    .....                   (boots unavailable)
Stlth   ++++......              (no amulet)
HPRegen 0.04/turn               (no ring)
MPRegen 0.08/turn               (no ring)

@: hasted, very quick
A: very small, claws 1, fangs 3, see invisible, speed 1, shaggy fur 1, stealthy
paws, no weapons or thrown items, no armour, multi-lived
a: no special abilities


You were on level 1 of the Dungeon.
You visited 1 branch of the dungeon, and saw 5 of its levels.

You collected 47 gold pieces.

Inventory:

Missiles
 j - 27 stones
Wands
 e - a wand of digging (2)
Scrolls
 a - a scroll of fog
 b - a scroll of fear
Potions
 c - a potion of brilliance {unknown}
 h - 5 potions of curing {unknown}
 i - a potion of berserk rage {unknown}
 l - a potion of heal wounds {unknown}
 m - a potion of magic {unknown}


   Skills:
 + Level 3.3 Fighting
 + Level 3.3 Dodging
 + Level 6.9 Stealth
 + Level 2.4 Unarmed Combat


You had one spell level left.
You didn't know any spells.
Your spell library contained the following spells:

 Spells                   Type           Power      Damage    Failure   Level
 Gell's Gravitas          Tloc           0%         N/A       71%         3
 Lesser Beckoning         Tloc           0%         N/A       71%         3
 Teleport Other           Tloc           0%         N/A       71%         3


Dungeon Overview and Level Annotations

Branches:
Dungeon (5/15)             Temple (0/1) D:4

Altars:
Kikubaaqudgha
Sif Muna


Innate Abilities, Weirdness & Mutations

You have sharp claws.
You have razor-sharp teeth.
You have supernaturally acute eyesight. (SInv)
You cover ground quickly. (Speed+)
You are covered in fur. (AC +1)
Your paws help you pounce on unaware monsters.
You are incapable of wielding weapons or throwing items.
You cannot wear armour.
You gain extra lives every three experience levels.


Message History

h - 5 glowing silvery potions (gained 1)
You see here a +0 helmet.
You now have 47 gold pieces (gained 10).
A giant cockroach comes into view.
You pounce on the unaware helpless giant cockroach!
You mangle the giant cockroach!!
You kill the giant cockroach!
As you read the scroll labelled KIAMOE YSAZIFE, it crumbles to dust.
It is a scroll of enchant weapon.
You aren't carrying any weapons that can be enchanted.
As you read the scroll labelled INTUQI FOETRO, it crumbles to dust.
It is a scroll of amnesia.
You feel forgetful for a moment.
You see here a giant cockroach corpse.
A bat comes into view.
A hobgoblin comes into view.
The hobgoblin shouts!
The bat hits you but does no damage. The bat completely misses you.
You scratch the bat.
You kill the bat!
The hobgoblin barely misses you.
You scratch the hobgoblin.
The hobgoblin is moderately wounded.
The hobgoblin barely misses you.
You barely miss the hobgoblin.
The hobgoblin is moderately wounded.
The hobgoblin closely misses you.
You scratch the hobgoblin.
You kill the hobgoblin!
No target in view!
No target in view!
You see here a hobgoblin corpse.
The gnoll shouts!
The gnoll hits you with a +0 whip!
Ouch! That really hurt!
You barely miss the gnoll. The gnoll misses you.
You closely miss the gnoll. The gnoll completely misses you.
You feel yourself speed up. The gnoll hits you with a +0 whip!
Ouch! That really hurt!
You die...

##.####.#...###...##...#..###.
#####.####.##.##
##.####.###.###.
†.......†.....# #.# #.##
##.##. ....≈≈≈.≈..####
##.####.###..##. .###≈####≈.#
##...####.#.#.##. .# #.#8
#.≈≈# ##.###.####....... .#
#.≈ ##≈#≈≈##.## ##.# #..#.###
.# #≈## ≈≈##≈...# #.###..#.#
.###..# .≈≈≈≈##@# ##...#..#.#
....≈.#..≈..+
###g###.......#†#
.##...≈_....+ #..........#.#
.###.≈#≈..≈≈+ ............#.#
.# #≈.#...≈.≈ ####........#.#
.# #.## ≈≈≈## ####.....#.#.#
.. ..# #### .........#.#.# .#
..# .#######.#.#.# .###≈#
#.#.#)#


You could see a gnoll.

Vanquished Creatures
  2 dart slugs (D:1)
  2 bats (D:1)
  4 endoplasms
  3 giant cockroaches (D:1)
  A goblin (D:1)
  2 hobgoblins (D:1)
  2 jackals (D:1)
  A quokka (D:1)
  2 rats (D:1)
  A spectral kobold (D:1)
20 creatures vanquished.

Notes
Turn   | Place    | Note
-------+----------+-------------------------------------------
     0 | D:5      | croobank the Felid Delver began the quest for the Orb.
     0 | D:5      | Reached XP level 1. HP: 10/10 MP: 2/2
    18 | D:5      | Noticed a water moccasin
    22 | D:4      | Noticed a necrophage
    59 | D:3      | Found a shimmering blue altar of Sif Muna.
   207 | D:3      | Found an ancient bone altar of Kikubaaqudgha.
   443 | D:1      | Reached XP level 2. HP: 14/14 MP: 3/3
   722 | D:1      | Found a faded altar of an unknown god.
   892 | D:1      | Slain by a gnoll

Illustrated notes

Levels and vault maps discovered:
D:1:      matt_arrival_los_fun, layout_loops_ring,
          dreamdust_ecumenical_altar_drowned_temple
D:2:      layout_loops_corners, uniq_sigmund, uniq_terence
D:3:      lemuel_castle_with_subvaults [lemuel_castle_interior_carwin_2],
          layout_loops_ring, yredelemnul_altar_generic, amcnicky_altar_gilded,
          mainiacjoe_overflow_catwalk_spiral, chequers_serial_rivers_micro_b
D:4:      layout_basic, nicolae_qazlal_scattered_showers,
          minmay_temple_entry_wispy, nicolae_ossuary_entry_giza, uniq_edmund,
          uniq_crazy_yiuf_cottage
D:5:      layout_basic, nicolae_gozag_zags_fifth_avenue, grunt_decor_resistance

Skill      XL: |  1 |
---------------+----+-----
Dodging        | 3 |  3.3
Fighting       | |  3.3
Stealth        | |  6.9
Unarmed Combat | |  2.4

Action                   || total
-------------------------++-------
Melee: Unarmed           ||    60
       Bite              ||     3
Evoke: Wand              ||     1
  Use: Scroll            ||     6
       Potion            ||     1
 Stab: Sleeping          ||     8
Armor: Skin              ||     2
Dodge: Dodged            ||    46

Table legend: (Time is in decaauts)
 A = Elapsed time spent in this place.
 B = Non-inter-level travel time spent in this place.
 C = Inter-level travel time spent in this place.
 D = Time resting spent in this place.
 E = Time spent auto-exploring this place.
 F = Levels seen in this place.
 G = Mean time per level.
                   A        B        C        D        E       F      G
               +--------+--------+--------+--------+--------+-----+--------+
         Total |    808 |    808 |      0 |    357 |    172 |   5 |  161.6 |
       Dungeon |    808 |    808 |      0 |    357 |    172 |   5 |  161.6 |
               +--------+--------+--------+--------+--------+-----+--------+

Top non-repeatable levels by time:
     D:1: 578 daAuts
     D:3: 185 daAuts
     D:5: 18 daAuts
     D:4: 15 daAuts
     D:2: 10 daAuts
